 Dungeon Crawl Stone Soup version 0.31-a0-963-ga325b2283a (webtiles) character file.

Game seed: 11652871759116253702

3002 Arzdou the Trooper (level 9, -1/64 HPs)
             Began as an Octopode Shapeshifter on Oct 25, 2023.
             Was an Initiate of Ru.
             Succumbed to Erica's bolt of poison
             ... on level 8 of the Dungeon.
             The game lasted 00:17:05 (8249 turns).

Arzdou the Trooper (Octopode Shapeshifter)          Turns: 8249, Time: 00:17:05

Health: -1/64      AC:  1    Str: 18    XL:     9   Next: 84%
Magic:  1/11       EV: 15    Int: 18    God:    Ru [......]
Gold:   27         SH:  0    Dex: 11    Spells: 5/11 levels left

rFire   . .          .
                       - Unarmed
rCold   . . .        (no shield)
rNeg    . . .        (helmet currently unavailable)
rPois   +            B - amulet of guardian spirit
rElec   .            t - +4 ring of slaying
rCorr   .            v - ring of poison resistance
SInv    .            F - +6 ring of intelligence
Will    .....        (no ring)
Stlth   ++           (no ring)
HPRegen 0.30/turn    (no ring)
MPRegen 0.12/turn    (no ring)
                     (no ring)

%: guardian spirit
@: lethally poisoned (-1 -> -6), beast-form, slowed, very slow
A: beast (slay +4), almost no armour, amphibious, 8 rings, camouflage 1,
gelatinous body 1, (nimble swimmer 1), tentacles
a: Begin Untransformation, Renounce Religion


You were on level 8 of the Dungeon.
You worshipped Ru.
Ru was noncommittal.
You were a hulking beast.
You visited 2 branches of the dungeon, and saw 9 of its levels.
You also visited: Sewer.

You collected 459 gold pieces.
You spent 432 gold pieces at shops.

Inventory:

Hand Weapons
 a - a +2 sling of flaming
Jewellery
 t - a +4 ring of slaying (left tentacle)
 v - a ring of poison resistance (right tentacle)
 B - an amulet of guardian spirit (around mantle)
 F - a +6 ring of intelligence (on tentacle)
Talismans
 b - a beast talisman
 c - a flux talisman
Wands
 m - a wand of light (6)
 o - a wand of flame (11)
Scrolls
 e - 3 scrolls of revelation {unknown}
 f - 3 scrolls of blinking
 p - 6 scrolls of identify {unknown}
 q - 3 scrolls of fog
 r - a scroll of amnesia
 w - a scroll of immolation {unknown}
 x - 3 scrolls of teleportation
 y - a scroll of torment
 A - a scroll of enchant weapon {unknown}
 C - 2 scrolls of fear {unknown}
 E - a scroll of silence {unknown}
Potions
 d - a potion of ambrosia {unknown}
 g - a potion of enlightenment {unknown}
 h - 2 potions of degeneration {unknown}
 i - a potion of magic {unknown}
 j - 2 potions of resistance {unknown}
 k - 6 potions of heal wounds {unknown}
 l - 2 potions of cancellation {unknown}
 n - 3 potions of invisibility {unknown}
 s - a potion of brilliance {unknown}
 u - a potion of lignification
 z - 4 potions of curing {unknown}
 D - 2 potions of might {unknown}
 G - a potion of berserk rage {unknown}


   Skills:
 - Level 7.1 Fighting
 - Level 6.0 Dodging
 - Level 7.0 Unarmed Combat
 + Level 1.5 Spellcasting
 + Level 1.7 Air Magic
 - Level 7.0 Shapeshifting


You had 5 spell levels left.
You knew the following spells:

 Your Spells              Type           Power      Damage    Failure   Level
a - Blink                 Tloc           2%         N/A       28%         2
b - Airstrike             Air            3%         2d(1-17)  67%         4

Your spell library contained the following spells:

 Spells                   Type           Power      Damage    Failure   Level
 Shock                    Conj/Air       16%        1d4       13%         1
 Lesser Beckoning         Tloc           2%         N/A       28%         2
 Momentum Strike          Conj/Tloc      2%         3d8       28%         2
 Swiftness                Air            7%         N/A       28%         3
 Summon Guardian Golem    Hex/Summ       1%         N/A       50%         3
 Orb of Destruction       Conj           0%         9d5       100%        7
 Spellforged Servitor     Conj/Summ      0%         N/A       100%        7


Dungeon Overview and Level Annotations

Branches:
Dungeon (8/15)             Temple (1/1) D:6           Sewer (visited)
   Lair: D:8-11

Altars:
Ashenzari
Cheibriados
Dithmenos
Elyvilon
Gozag
Hepliaklqana
Kikubaaqudgha
Makhleb
Nemelex Xobeh
Okawaru
Qazlal
Ru
Sif Muna
Trog
Uskayaw
Vehumet
Wu Jian
Xom
Yredelemnul
The Shining One

Shops:
D:1 =!   D:8 *


Innate Abilities, Weirdness & Mutations

You are a hulking beast.
Your limbs bulge with bestial killing power. (Slay +4)
You cannot wear most types of armour.
You are amphibious.
You can wear up to eight rings at the same time.
Your skin changes colour to match your surroundings (Stealth+).
Your rubbery body absorbs attacks. (AC +1, EV +1)
((You are camouflaged when in or above water. (Stealth+)))
You have tentacles for arms and can constrict up to eight enemies at once.


Message History

Erica points at you and mumbles some strange words.
You feel as though you will be slow longer.
Erica points at you and mumbles some strange words.
You feel as though you will be slow longer.
You shoot a sling bullet. The sling bullet hits Erica.
The sling bullet burns Erica.
Erica is severely wounded.
You shoot a sling bullet. The sling bullet barely misses Erica.
Erica points at you and mumbles some strange words.
The bolt of poison hits you.
You are poisoned.
You resist. Erica barely misses you.
Your +2 sling of flaming stops flaming.
You are now empty-tentacled.
You feel very sick.
Erica screams, "Do you want it fast or slow?!"
Erica misses you.
You tentacle-slap Erica. Your grab misses Erica.
Erica is severely wounded.
You feel very sick.
Erica hits you with a +1 scimitar of flaming!!
Erica burns you!
You closely miss Erica. Your grab misses Erica.
Erica is severely wounded.
You feel very sick.
Erica hits you with a +1 scimitar of flaming.
Erica burns you.
Erica screams, "Die!"
Erica points at you and mumbles some strange words.
The bolt of poison hits you! You resist.
* * * LOW HITPOINT WARNING * * *
You bludgeon Erica! You grab Erica.
Erica is almost dead.
You constrict Erica.
You feel sick.
Erica hits you with a +1 scimitar of flaming!
* * * LOW HITPOINT WARNING * * *
Erica burns you.
* * * LOW HITPOINT WARNING * * *
You bludgeon Erica!
You kill Erica!
You die...

....###..# #.≈.##
#######..### ##.≈.#.
##.........# #..≈.#.
.........#.# #..≈...
##.####.##.# #..≈.##
.##.####.##.#
#..≈...
.........##.#
#..≈≈≈≈
....##...##.#
#...... #
#.#h##########.####.
#...)...#......# #.
###.....#####.## #.
#.....# #.#####.
#.....# #.......
#....... ########
#.....#.. #.......#


There were no monsters in sight!

Vanquished Creatures
  Erica (D:8)
  A wyvern (D:7)
  An acid dragon (D:8)
  A water moccasin (D:5)
  2 ice beasts (D:6)
  3 black bears
  A sky beast (D:8)
  4 ogres
  A centaur (D:8)
  2 kobold brigands (Sewer)
  4 bullfrogs
  A gnoll sergeant (D:5)
  4 scorpions (D:5)
  A howler monkey (D:6)
  A jelly (D:7)
  3 orc priests
  A gnoll bouda (D:7)
  4 hounds
  3 iron imps (D:7)
  5 iguanas
  7 orc wizards
  11 adders
  5 gnolls
  2 river rats (Sewer)
  A white imp (D:5)
  2 ufetubi (D:7)
  2 worms
  3 dart slugs
  27 orcs
  13 endoplasms
  3 giant cockroaches
  4 goblins
  9 hobgoblins
  4 jackals
  9 kobolds
  5 quokkas
  11 ball pythons
  4 bats
  4 frilled lizards
  11 rats
181 creatures vanquished.

Vanquished Creatures (others)
  An orc (D:7)
1 creature vanquished.

Grand Total: 182 creatures vanquished

Notes
Turn   | Place    | Note
-------+----------+-------------------------------------------
     0 | D:1      | Arzdou the Octopode Shapeshifter began the quest for the
                  | Orb.
     0 | D:1      | Reached XP level 1. HP: 13/13 MP: 1/1
     1 | D:1      | Found Gunoyfol's Distillery.
   137 | D:1      | Reached XP level 2. HP: 18/18 MP: 2/2
   142 | D:1      | Found Uratoyll's Jewellery Shoppe.
   391 | D:1      | Reached XP level 3. HP: 23/23 MP: 3/3
   861 | D:2      | You fall into a shaft and drop 2 floors!
   909 | D:4      | Found a glowing drain.
   914 | Sewer    | Entered a sewer
   937 | Sewer    | Reached XP level 4. HP: 28/28 MP: 4/4
  1039 | Sewer    | Reached skill level 5 in Shapeshifting
  1078 | Sewer    | Noticed a kobold brigand
  1080 | Sewer    | Noticed a kobold brigand
  1424 | Sewer    | Reached XP level 5. HP: 33/33 MP: 5/5
  1581 | Sewer    | Killed a kobold brigand
  1591 | Sewer    | Killed a kobold brigand
  1592 | Sewer    | Reached XP level 6. HP: 38/38 MP: 6/6
  1701 | D:4      | Identified the +2 robe of Hacug {Str+3 Slay+3}
  1828 | D:4      | Found a shimmering blue altar of Sif Muna.
  2014 | D:4      | Reached XP level 7. HP: 16/43 MP: 7/7
  4115 | D:5      | Entered Level 5 of the Dungeon
  4211 | D:5      | Reached skill level 5 in Unarmed Combat
  4255 | D:5      | Reached XP level 8. HP: 17/48 MP: 8/8
  5637 | D:6      | Reached XP level 9. HP: 29/59 MP: 9/9
  6071 | D:6      | Reached skill level 5 in Dodging
  6091 | D:6      | Learned a level 2 spell: Blink
  6183 | D:6      | Found a staircase to the Ecumenical Temple.
  6192 | Temple   | Entered the Ecumenical Temple
  6199 | Temple   | Became a worshipper of Ru the Awakened
  6550 | D:7      | Reached skill level 5 in Fighting
  7134 | D:7      | Identified the +5 short sword of the Skies Above {flame,
                  | rElec rPois Int-2 Dex+3}
  7274 | D:7      | Found a burning altar of Makhleb.
  7686 | D:8      | Found Zomeigiu's General Store.
  7861 | D:1      | Bought a +6 ring of intelligence for 432 gold pieces
  7867 | D:1      | Learned a level 4 spell: Airstrike
  8038 | D:8      | Found an iron altar of Okawaru.
  8078 | D:8      | Reached skill level 1 in Spellcasting
  8078 | D:8      | Reached skill level 1 in Air Magic
  8100 | D:8      | Found an ornate altar of the Wu Jian Council.
  8237 | D:8      | Noticed Erica
  8248 | D:8      | HP: 1/64 [Erica/+1 scimitar of flaming (4)]
  8249 | D:8      | Killed Erica
  8249 | D:8      | Succumbed to Erica's bolt of poison

Illustrated notes

Levels and vault maps discovered:
D:1:      wander_arrival_peaceful_grave, layout_loops_ring, serial_shops,
          nicolae_shop_tiny_glass, shop
D:2:      layout_basic
D:3:      layout_loops_ring
D:4:      layout_basic, nicolae_sif_muna_condensation, portal_sewer_entry_e
D:5:      minmay_general_purpose_star, layout_rooms, st_stairs_9,
          corexii_leaking_fountain
D:6:      layout_basic, lemuel_temple_firewalk_a
D:7:      layout_rooms, demons_altar, lemuel_flamethrower_1
D:8:      layout_loops_ring, mainiacjoe_overflow_brackets,
          okawaru_metal_pillars_1_2, serial_shops, nicolae_shop_statue_plus,
          minmay_crystal_room, uniq_erica
Temple:   nicolae_temple_bog_church

Skill      XL: |  1  2  3  4  5  6  7  8  9 |
---------------+----------------------------+-----
Shapeshifting  | 4 5 6 7 |  7.0
Unarmed Combat | 6 7 |  7.0
Fighting       | 4 7 |  7.1
Dodging        | 4 6 |  6.0
Spellcasting   | 1 |  1.5
Air Magic      | 1 |  1.7

Action                     |  1- 3 |  4- 6 |  7- 9 || total
---------------------------+-------+-------+-------++-------
  Melee: Unarmed           |    49 |    40 |   137 ||   226
         Constrict         |    13 |     7 |    30 ||    50
         Tentacles         |    10 |     6 |    31 ||    47
         Punch             |     2 |     1 |     1 ||     4
   Fire: Sling             |    10 |    55 |   143 ||   208
    Use: Scroll            |       |     7 |     1 ||     8
         Potion            |       |     1 |       ||     1
   Stab: Sleeping          |    11 |       |     5 ||    16
         Distracted        |     2 |       |       ||     2
 Armour: Skin              |    12 |    32 |    99 ||   143
  Dodge: Dodged            |    14 |    34 |    91 ||   139

Table legend: (Time is in decaauts)
 A = Elapsed time spent in this place.
 B = Non-inter-level travel time spent in this place.
 C = Inter-level travel time spent in this place.
 D = Time resting spent in this place.
 E = Time spent auto-exploring this place.
 F = Levels seen in this place.
 G = Mean time per level.
                   A        B        C        D        E       F      G
               +--------+--------+--------+--------+--------+-----+--------+
         Total |   8308 |   7692 |    616 |   1330 |   4786 |  10 |  830.8 |
       Dungeon |   7535 |   6925 |    610 |   1078 |   4515 |   8 |  941.9 |
        Temple |     14 |      8 |      6 |      0 |      0 |   1 |   14.0 |
         Sewer |    758 |    758 |      0 |    252 |    271 |   1 |  758.0 |
               +--------+--------+--------+--------+--------+-----+--------+

Top non-repeatable levels by time:
     D:6: 1465 daAuts
     D:5: 1204 daAuts
     D:4: 1063 daAuts
     D:3: 937 daAuts
     D:7: 843 daAuts
     D:2: 822 daAuts
     D:1: 777 daAuts
   Sewer: 758 daAuts
     D:8: 421 daAuts
  Temple: 14 daAuts
